 Dungeon Crawl Stone Soup version 0.22.1-6-g1668fe2 (webtiles) character file.

4527 Tiagovsky the Fighter (level 10, -4/88 HPs)
             Began as a Purple Draconian Fire Elementalist on Jan 30, 2019.
             Was an Elder of Vehumet.
             Slain by a wolf (6 damage)
             ... led by Grum
             ... on level 8 of the Dungeon.
             The game lasted 00:46:33 (10989 turns).

Tiagovsky the Fighter (DrFE)                       Turns: 10989, Time: 00:46:34

Health: -4/88      AC:  7    Str: 19    XL:     10   Next: 17%
Magic:  13/19      EV: 13    Int: 22    God:    Vehumet [****..]
Gold:   485        SH:  6    Dex: 11    Spells: 10/21 levels left

rFire    + . .     SeeInvis .   q - +10 hunting sling of the Lumpy Realms {venom, -Tele rElec Str+8}
rCold    + . .     Gourm    .   a - +2 buckler
rNeg     . . .     Faith    .   (armour unavailable)
rPois    .         Spirit   .   (helmet restricted)
rElec    +         Reflect  .   D - scarf {rC+ rF+}
rCorr    .         Harm     .   (no gloves)
MR       +....     NoTele   +   (no boots)
Stlth    ++........             (no amulet)
HPRegen  0.24/turn              y - +3 ring of intelligence
MPRegen  0.16/turn              (no ring)

@: very slightly contaminated
A: breathe power, unfitting armour, cold-blooded, AC +7
a: Breathe Dispelling Energy, Renounce Religion


You were on level 8 of the Dungeon.
You worshipped Vehumet.
Vehumet was greatly pleased with you.
You were not hungry.

You visited 2 branches of the dungeon, and saw 10 of its levels.
You also visited: Sewer.

You collected 485 gold pieces.

Inventory:

Hand Weapons
 m - a +0 fustibalus
 q - the +10 hunting sling of the Lumpy Realms (weapon) {venom, -Tele rElec Str+8}
   (You found it on level 4 of the Dungeon)

   It poisons the ammo it fires.
   It affects your strength (+8).
   It insulates you from electricity.
   It prevents most forms of teleportation.
 w - a +2 dagger of venom
Missiles
 f - 5 tomahawks
 i - 247 stones
 k - 56 sling bullets (quivered)
Armour
 a - a +2 buckler (worn)
 D - a scarf of resistance (worn)
Jewellery
 y - a +3 ring of intelligence (left hand)
Wands
 o - a wand of polymorph (9)
 p - a wand of acid (8)
 B - a wand of flame (27)
Scrolls
 g - 3 scrolls of blinking
 j - 2 scrolls of teleportation
 v - a scroll of magic mapping
 x - a scroll of enchant armour
 z - a scroll of amnesia {unknown}
 C - a scroll of remove curse
Potions
 c - 2 potions of agility
 d - 5 potions of haste
 e - a potion of degeneration {unknown}
 h - 4 potions of resistance
 l - 2 potions of lignification {unknown}
 n - 2 potions of flight {unknown}
 r - 2 potions of mutation
 s - 3 potions of magic {unknown}
 t - 2 potions of heal wounds {unknown}
 u - 3 potions of might {unknown}
 A - a potion of cancellation {unknown}
Comestibles
 b - 12 rations
 E - 3 chunks of flesh


   Skills:
 + Level 8.3 Fighting
 - Level 4.0 Dodging
 - Level 1.7 Stealth
 - Level 4.0 Shields
 - Level 6.0 Spellcasting
 + Level 6.5 Conjurations
 + Level 7.2 Fire Magic
 + Level 4.4 Evocations


You had 10 spell levels left.
You knew the following spells:

 Your Spells              Type           Power        Failure   Level  Hunger
a - Flame Tongue          Conj/Fire      #####        1%          1    None
b - Throw Flame           Conj/Fire      #####.       1%          2    None
c - Conjure Flame         Conj/Fire      #####...     1%          3    #......
d - Fireball              Conj/Fire      #####.....   4%          5    #####..

Your spell library contained the following spells:

 Spells                   Type           Power        Failure   Level  Hunger
 Lightning Bolt           Conj/Air       ###.......   17%         5    #####..
 Inner Flame              Hex/Fire       ###.....     1%          3    #......
 Sticky Flame             Conj/Fire      #####...     1%          4    ###....


Dungeon Overview and Level Annotations

Branches:
Dungeon (9/15)             Temple (1/1) D:7
   Lair: D:8-11         Orc: D:9-12

Altars:
Ashenzari
Cheibriados
Dithmenos
Elyvilon
Fedhas
Gozag
Hepliaklqana
Kikubaaqudgha
Makhleb
Nemelex Xobeh
Okawaru
Qazlal
Ru
Sif Muna
Trog
Uskayaw
Vehumet
Wu Jian
Xom
Yredelemnul
Zin
The Shining One

Shops:
D:4 [?((   D:5 }   D:6 (

Annotations:
D:4 3 runed doors, GORGAWROTH's ghost, amateur FoFi
D:8 2 transporters


Innate Abilities, Weirdness & Mutations

You can breathe bolts of dispelling energy.
Your rich purple scales are hard. (AC +7)
You cannot fit into any form of body armour.
You are cold-blooded and may be slowed by cold attacks.


Message History

You block the wolf's attack. x2
Casting: Flame Tongue (safe; 1% risk of failure)
Confirm with . or Enter, or press ? or * to list all spells.
Aiming: Flame Tongue (safe; 1% risk of failure)
Press: ? - help, Shift-Dir - straight line, f/p - wolf
Aim: a wolf (heavily wounded)
The flame tongue hits the wolf.
The wolf appears unharmed.
The wolf is heavily wounded.
The wolf bites you.
* * * LOW HITPOINT WARNING * * *
The wolf misses you. The wolf closely misses you.
Casting: Flame Tongue (safe; 1% risk of failure)
Confirm with . or Enter, or press ? or * to list all spells.
Aiming: Flame Tongue (safe; 1% risk of failure)
Press: ? - help, Shift-Dir - straight line, f/p - wolf
Aim: a wolf (heavily wounded)
The flame tongue misses the wolf.
You block the wolf's attack. The wolf bites you.
You die...

#.........# #.........# #####
## #)........# #...# .###
#.........# #...#
...###.........# #####...#
##.............# #.......#
#.............####)#.รท.###
#.###.........#.h..>(########
#.# ##.........@##.(........#
##.####.######......#........#
........# ###....###........#
.......## #....#.# ####>.####
.......# #...##.#####...#
.......#####..###...##...<#
.............####.........#
..........................#
.............###..........#


You could see a wolf.

Vanquished Creatures
  Pikel (D:7)
  Prince Ribbit (D:6)
  A hippogriff (D:7)
  A hungry ghost (D:8)
  Grum (D:8)
  2 sky beasts (D:6)
  4 orc warriors
  2 ogres
  2 wolves (D:8)
  2 phantoms
  A centaur (D:5)
  A big kobold (D:7)
  5 bullfrogs
  A water moccasin skeleton (D:5)
  A scorpion (D:5)
  3 killer bees (D:8)
  4 wights (D:6)
  3 howler monkeys (D:7)
  3 crimson imps
  A bullfrog zombie (D:7)
  A quasit (D:7)
  3 hounds
  A centaur skeleton (D:8)
  A bullfrog skeleton (D:6)
  3 orc priests
  3 iguanas
  Natasha (thrice) (D:2)
  12 orc wizards
  3 worker ants
  A worker ant zombie (D:7)
  20 adders
  A shadow imp (D:8)
  11 oozes
  An adder zombie (D:8)
  3 worms
  A dart slug (D:3)
  11 leopard geckos
  29 orcs
  21 giant cockroaches
  9 goblins
  7 hobgoblins
  7 jackals
  16 kobolds
  2 quokkas
  21 ball pythons
  6 bats
  8 frilled lizards
  A jackal skeleton (D:5)
  2 quokka skeletons
  8 rats
256 creatures vanquished.

Vanquished Creatures (others)
  2 slaves (D:7)
  Duvessa (D:7)
  Dowan (D:7)
  A wyvern skeleton (D:7)
  An iguana (D:7)
6 creatures vanquished.

Grand Total: 262 creatures vanquished

Notes
Turn   | Place    | Note
-------+----------+-------------------------------------------
     0 | D:1      | Tiagovsky the Draconian Fire Elementalist began the quest
                  | for the Orb.
     0 | D:1      | Reached XP level 1. HP: 14/14 MP: 3/3
   527 | D:1      | Reached XP level 2. HP: 22/22 MP: 0/5
   882 | D:1      | Reached skill level 1 in Fighting
  1619 | D:2      | Reached XP level 3. HP: 28/28 MP: 0/6
  1674 | D:2      | Learned a level 2 spell: Throw Flame
  1677 | D:2      | Found a radiant altar of Vehumet.
  1682 | D:2      | Became a worshipper of Vehumet
  1732 | D:2      | Noticed Natasha
  1751 | D:2      | Killed Natasha
  1751 | D:2      | Reached XP level 4. HP: 28/36 MP: 3/7
  1779 | D:2      | Learned a level 3 spell: Conjure Flame
  1851 | D:2      | Noticed Natasha
  1861 | D:2      | Killed Natasha
  1861 | D:2      | Reached skill level 2 in Fighting
  2394 | D:2      | Noticed Natasha
  2413 | D:2      | Killed Natasha
  2413 | D:2      | Reached XP level 5. HP: 42/42 MP: 9/9
  2717 | D:2      | Found an ancient bone altar of Kikubaaqudgha.
  2778 | D:2      | Reached * piety under Vehumet
  2778 | D:2      | Offered knowledge of Shock by Vehumet.
  3712 | D:3      | Reached skill level 3 in Fighting
  3757 | D:2      | Reached XP level 6. HP: 16/51 MP: 2/11
  4095 | D:3      | Found an iron altar of Okawaru.
  4367 | D:4      | Got a crystal hunting sling
  4368 | D:4      | Identified the +10 hunting sling of the Lumpy Realms
                  | {venom, -Tele rElec Str+8} (You found it on level 4 of the
                  | Dungeon)
  4581 | D:4      | Found Mahiomn's Antique Armour Shoppe.
  4598 | D:4      | Found a glowing drain.
  4624 | D:4      | Reached ** piety under Vehumet
  4625 | D:4      | Offered knowledge of Magic Dart by Vehumet.
  4694 | Sewer    | Entered a sewer
  5100 | Sewer    | Offered knowledge of Dazzling Spray by Vehumet.
  5173 | Sewer    | Reached *** piety under Vehumet
  5344 | Sewer    | Offered knowledge of Static Discharge by Vehumet.
  5351 | Sewer    | Reached skill level 1 in Shields
  5733 | Sewer    | Your scales start taking on a rich purple colour.
  5733 | Sewer    | Reached XP level 7. HP: 58/58 MP: 8/14
  5837 | D:4      | Found a shadowy altar of Dithmenos.
  5855 | D:4      | Found a faded altar of an unknown god.
  5855 | D:4      | Found a burning altar of Makhleb.
  5861 | D:4      | Found a glowing silver altar of Zin.
  5863 | D:4      | Found a deep blue altar of Sif Muna.
  5865 | D:4      | Found a sacrificial altar of Ru.
  5913 | D:4      | Found Wanoj's Weapon Shoppe.
  6005 | D:4      | You fall through a shaft for 3 floors!
  6144 | D:7      | Reached skill level 4 in Fighting
  6177 | D:7      | Reached skill level 5 in Fire Magic
  6340 | D:7      | Reached **** piety under Vehumet
  6459 | D:7      | Noticed a hippogriff
  6475 | D:7      | Killed a hippogriff
  6550 | D:7      | Noticed Pikel
  6562 | D:7      | Killed Pikel
  6562 | D:7      | Reached skill level 5 in Fighting
  6562 | D:7      | Reached skill level 5 in Conjurations
  6562 | D:7      | Reached XP level 8. HP: 48/69 MP: 11/15
  6826 | D:7      | Killed Duvessa
  6839 | D:7      | Killed Dowan
  6908 | D:7      | Reached skill level 6 in Fighting
  7297 | D:6      | Found Kusipt's Antique Weapon Emporium.
  7477 | D:5      | Entered Level 5 of the Dungeon
  7592 | D:4      | Found a runed gate.
  7592 | D:4      | Found a runed gate.
  7594 | D:4      | Found a runed gate.
  7596 | D:4      | Noticed GORGAWROTH's ghost (amateur FoFi)
  7664 | D:4      | Found Acuyr's Magic Scroll Shop.
  7693 | D:4      | Found Dodoply's Weapon Boutique.
  7790 | D:5      | Found a glowing golden altar of the Shining One.
  7873 | D:5      | Reached XP level 9. HP: 48/78 MP: 16/16
  8025 | D:5      | Offered knowledge of Iskenderun's Battlesphere by Vehumet.
  8025 | D:5      | Reached skill level 1 in Evocations
  8041 | D:5      | Learned a level 5 spell: Fireball
  8095 | D:5      | Reached skill level 5 in Spellcasting
  8163 | D:5      | Reached skill level 7 in Fighting
  8176 | D:5      | Found a snail-covered altar of Cheibriados.
  8192 | D:5      | Found a shadowy altar of Dithmenos.
  8480 | D:5      | Found a hide-covered altar of Uskayaw.
  8593 | D:5      | Found Ocaon's Gadget Boutique.
  8695 | D:6      | Found an opulent altar of Gozag.
  9013 | D:6      | Noticed Prince Ribbit
  9034 | D:6      | Killed Prince Ribbit
  9256 | D:6      | Found a sparkling altar of Nemelex Xobeh.
 10128 | D:7      | Found a staircase to the Ecumenical Temple.
 10138 | Temple   | Entered the Ecumenical Temple
 10325 | D:8      | Found a transporter.
 10343 | D:8      | Found a transporter.
 10435 | D:8      | Reached skill level 8 in Fighting
 10608 | D:8      | Reached XP level 10. HP: 88/88 MP: 17/19
 10649 | D:8      | Reached ***** piety under Vehumet
 10649 | D:8      | Offered knowledge of Lightning Bolt by Vehumet.
 10954 | D:9      | Noticed Grum
 10976 | D:8      | Killed Grum
 10984 | D:8      | HP: 2/88 [wolf[Grum] (6)]
 10989 | D:8      | Slain by a wolf

Skill      XL: |  1  2  3  4  5  6  7  8  9 10 |
---------------+-------------------------------+-----
Fighting       | 1 2 3 5 6 8 |  8.3
Conjurations   | 2 3 5 6 |  6.5
Spellcasting   | 3 4 6 |  6.0
Fire Magic     | 4 5 6 7 |  7.2
Shields        | 1 3 4 |  4.0
Dodging        | 2 3 4 |  4.0
Evocations     | 4 |  4.4
Stealth        | |  1.7

Action                   |  1- 3 |  4- 6 |  7- 9 | 10-12 || total
-------------------------+-------+-------+-------+-------++-------
Melee: Unarmed           |    21 |       |       |       ||    21
       Tailslap          |     3 |     3 |       |       ||     6
       Dagger            |    19 |    34 |       |       ||    53
       Hunting sling     |       |       |     2 |       ||     2
 Fire: Hunting sling     |     8 |    99 |   153 |    24 ||   284
Throw: Tomahawk          |       |     2 |       |       ||     2
 Cast: Flame Tongue      |    36 |   140 |   153 |    27 ||   356
       Conjure Flame     |       |       |     4 |       ||     4
  Use: Scroll            |       |     5 |     8 |       ||    13
       Potion            |       |       |     1 |       ||     1
  Eat: Chunk             |     3 |    13 |    12 |     1 ||    29
       Ration            |       |       |     1 |       ||     1
Armor: Skin              |    24 |    58 |    51 |    11 ||   144
Dodge: Dodged            |    41 |    82 |    65 |    38 ||   226
Block: Buckler           |       |    11 |    31 |    24 ||    66
